 Dungeon Crawl Stone Soup version 0.20.1-1-g8b1a95d (webtiles) character file.

207134 Mesmaeker13 the Brawler (level 18, -6/169 HPs)
             Began as a Troll Monk on Aug 29, 2017.
             Mangled by an eight-headed hydra simulacrum (8 damage)
             ... on level 4 of the Swamp.
             The game lasted 01:39:58 (34484 turns).

Mesmaeker13 the Brawler (Troll Monk)               Turns: 34484, Time: 01:40:01

Health: -6/169     AC: 25    Str: 28    XL:     18   Next: 9%
Magic:  23/23      EV: 13    Int:  8    God:    Xom [......]
Gold:   2155       SH: 26    Dex: 12    Spells: 17/17 levels left

rFire    + + +     SeeInvis .     - Unarmed
rCold    + . .     Gourm    +   D - +0 large shield
rNeg     + + +     Faith    .   X - +4 fire dragon scales "Xesuuch" {rElec rF++ rC- rN+ Int+5 Dex-2}
rPois    +         Spirit   .   q - +0 hat {MR+}
rElec    +         Reflect  .   H - +2 cloak {MR+}
rCorr    +         Harm     .   (gloves unavailable)
MR       ++++.                  (boots unavailable)
Stlth    ..........             o - amulet of rage
Regen    0.8/turn               b - ring of the Lives {+Fly rPois rC+ rN+++ Int-5}
MPRegen  0.2/turn               B - +2 ring of evasion

@: about to teleport, resistant, berserk cooldown, slowed, very slow
A: unfitting armour, claws 3, horns 1, large bone plates 2, thin metallic scales
1, clever 1, fire resistance 1, fast metabolism 3, frail 1, gourmand, magic
resistance 1, regeneration 1, shaggy fur 2, tough skin 2
}: 1/15 runes: gossamer
a: Renounce Religion, Evoke Berserk Rage, Evoke Flight


You were on level 4 of the Swamp.
You worshipped Xom.
You were a very special plaything of Xom.
You were not hungry.

You visited 6 branches of the dungeon, and saw 32 of its levels.
You visited the Abyss 2 times.

You collected 4317 gold pieces.
You spent 2162 gold pieces at shops.

Inventory:

Hand Weapons
 s - a +0 eveningstar of protection
Missiles
 c - 3 silver tomahawks (quivered)
 U - 12 steel tomahawks
Armour
 q - a +0 hat of magic resistance (worn)
 D - a +0 large shield (worn)
 H - a +2 cloak of magic resistance (worn)
 Q - a scarf of cloud immunity
 X - the +4 fire dragon scales "Xesuuch" (worn) {rElec rF++ rC- rN+ Int+5 Dex-2}
   (You found it on level 10 of the Dungeon)

   It affects your intelligence (+5).
   It affects your dexterity (-2).
   It greatly protects you from fire.
   It makes you vulnerable to cold.
   It insulates you from electricity.
   It protects you from negative energy.
 Z - a +1 cloak of invisibility
Jewellery
 b - the ring of the Lives (left claw) {+Fly rPois rC+ rN+++ Int-5}
   (You bought it in a shop on level 4 of the Dungeon)

   [ring of protection from cold]

   It affects your intelligence (-5).
   It protects you from cold.
   It protects you from poison.
   It renders you almost immune to negative energy.
   It lets you fly.
 d - the brooch of Shielding {Reflect SH+8}
   (You bought it in a shop on level 4 of the Dungeon)

   [amulet of reflection]

   It shields you and reflects attacks.
   It affects your SH (+8).
 o - an amulet of rage (around neck)
 B - a +2 ring of evasion (right claw)
Wands
 a - a wand of iceblast (6/15)
 f - a wand of polymorph (18/24)
 h - a wand of acid (0/15)
 i - a wand of paralysis (9/24)
 k - a wand of lightning (4/15)
 m - a wand of digging (13/24)
 E - a wand of clouds (5/9)
 J - a wand of iceblast (8/15)
Scrolls
 e - 8 scrolls of fog
 n - a scroll of immolation
 r - 8 scrolls of remove curse
 u - 9 scrolls of recharging
 x - 4 scrolls of magic mapping
 y - 3 scrolls of blinking
 z - 7 scrolls of teleportation
 G - a scroll of brand weapon
 K - a scroll of acquirement {unknown}
 L - a scroll of enchant weapon
 N - a scroll of fear
 R - a scroll of identify
 T - 3 scrolls of summoning
Potions
 g - 3 potions of haste
 j - 3 potions of heal wounds
 p - 5 potions of agility
 t - a potion of cancellation
 C - 9 potions of ambrosia
 F - a potion of might
 I - a potion of brilliance
 O - a potion of mutation
 P - 2 potions of flight
 S - 6 potions of curing
 V - a potion of invisibility
Comestibles
 l - 2 royal jellies
 v - 11 meat rations
 w - 3 bread rations
 M - a fruit


   Skills:
 + Level 13.7 Fighting
 + Level 12.1 Armour
 - Level 8.2 Dodging
 - Level 1.0 Stealth
 + Level 12.0 Shields
 + Level 16.1 Unarmed Combat
 - Level 8.4 Evocations


You had 17 spell levels left.
You didn't know any spells.

Dungeon Overview and Level Annotations

Branches:
Dungeon (15/15)            Temple (1/1) D:4            Lair (6/6) D:11
  Swamp (4/4) Lair:4       Spider (4/4) Lair:4        Slime (0/5) Lair:5
    Orc (2/2) D:11            Elf (0/3) Orc:2        Vaults (0/5) D:13
 Depths (0/5) D:15

Altars:
Ashenzari
Cheibriados
Dithmenos
Elyvilon
Fedhas
Gozag
Hepliaklqana
Kikubaaqudgha
Makhleb
Nemelex Xobeh
Okawaru
Qazlal
Ru
Sif Muna
Trog
Uskayaw
Vehumet
Xom
Yredelemnul
Zin
The Shining One
Beogh

Shops:
D:4 =   D:5 [   D:14 [   Orc:1 }   Orc:2 (([[


Innate Abilities, Weirdness & Mutations

You are too large for most types of armour.
You have claws for hands.
Your metabolism is lightning-fast.
You like to eat raw meat.
Your natural rate of healing is unusually fast.
You are covered in thick fur. (AC +2)
You have very tough skin. (AC +2)
You have a pair of small horns on your head.
You are mostly covered in large bone plates. (SH +6)
You are partially covered in thin metallic scales. (AC +2)
Your mind is acute. (Int +2)
Your flesh is heat resistant. (rF+)
You are frail. (-10% HP)
You are resistant to hostile enchantments. (MR+)


Message History

The eight-headed hydra simulacrum bites you but does no damage. x2
You block the eight-headed hydra simulacrum's attack.
The eight-headed hydra simulacrum bites you.
* * * LOW HITPOINT WARNING * * *
The eight-headed hydra simulacrum freezes you!
You resist.
* * * LOW HITPOINT WARNING * * *
The eight-headed hydra simulacrum barely misses you.
The eight-headed hydra simulacrum bites you but does no damage.
The eight-headed hydra simulacrum bites you.
* * * LOW HITPOINT WARNING * * *
The eight-headed hydra simulacrum freezes you!
You resist.
* * * LOW HITPOINT WARNING * * *
The eight-headed hydra simulacrum bites you.
* * * LOW HITPOINT WARNING * * *
The eight-headed hydra simulacrum freezes you!
You resist.
You die...
Xom giggles madly!

..≈♣♣♣≈≈≈.....§#♣
≈.≈≈♣≈≈≈.≈≈♣#.#.♣
♣♣♣♣♣♣≈≈.≈.#♣#..#
♣♣≈≈.≈# #..#
♣♣..♣♣ #..#
♣♣..≈≈♣##..#
♣♣..≈≈♣♣#..##
♣♣.♣≈≈≈♣*##.♣##
♣♣)♣♣♣≈≈≈♣##DZ@#
♣.♣♣ ♣♣≈≈♣#.[###
♣♣♣.♣♣♣♣♣♣♣♣##§.##
♣♣...≈≈♣♣ #♣..#
≈♣.≈..≈≈♣♣ #..#
.....≈≈≈≈♣ #.D#
.≈..≈≈≈≈♣♣ *#..#
≈.≈≈≈≈≈♣♣ *#..##
≈≈≈≈≈≈♣♣ #..##


You could see an ice dragon and an eight-headed hydra simulacrum.

Vanquished Creatures
  Nikola (Swamp:4)
  A bone dragon (Abyss:2)
  Agnes (Lair:4)
  An orc warlord (Orc:2)
  6 emperor scorpions (Spider:4)
  2 ghost moths (Spider:4)
  Louise (D:14)
  4 entropy weavers
  A spark wasp (Spider:2)
  A dire elephant (D:14)
  An ettin (Lair:3)
  Josephine (Spider:1)
  Harold (Lair:1)
  Erolcha (Orc:2)
  A fire dragon (Lair:6)
  A rakshasa (D:15)
  A vault guard (D:13)
  2 ice dragons (Swamp:4)
  A catoblepas (Swamp:1)
  13 hydras
  7 two-headed ogres
  3 ghost crabs
  9 alligators
  2 centaur warriors
  2 death yaks (Lair:5)
  An ogre mage (D:15)
  A queen ant (Spider:4)
  An alligator (shapeshifter) (D:11)
  A thrashing horror (Abyss:2)
  2 orc high priests (Orc:2)
  A spatial maelstrom (Abyss:2)
  4 large abominations (Abyss:2)
  3 swamp dragons
  3 spriggan druids
  A glowing orange brain (Abyss:2)
  2 wizards (D:13)
  A shambling mangrove (Swamp:3)
  An orc knight (D:15)
  A lindwurm (Lair:6)
  Pikel (D:5)
  2 necromancers (D:13)
  14 orb spiders
  22 wolf spiders
  2 manticores (D:15)
  A salamander (D:15)
  2 deep elf magi (Orc:2)
  4 cyclopes
  2 ugly things
  An orc sorcerer (Orc:2)
  A faun (Swamp:4)
  A worldbinder (Abyss:2)
  6 elephants (Lair:6)
  2 torpor snails
  7 molten gargoyles
  20 spiny frogs
  11 black mambas
  5 centaur skeletons
  A smoke demon (Abyss:1)
  8 gargoyles
  5 komodo dragons
  3 kobold demonologists (D:13)
  11 demonic crawlers
  5 freezing wraiths
  A yaktaur (Lair:5)
  5 trolls
  4 tyrant leeches (Swamp:2)
  28 jumping spiders
  2 queen bees
  10 meliai
  A wind drake (Spider:1)
  3 red devils (Abyss:2)
  11 hornets
  8 bog bodies
  16 slime creatures
  25 blink frogs
  5 dream sheep (Lair:4)
  13 hippogriffs
  A shadow (D:11)
  An air elemental (Abyss:2)
  92 redbacks
  4 wraiths (Spider:1)
  10 spriggans
  4 water elementals (D:15)
  A ynoxinul (Abyss:2)
  20 humans
  29 tarantellas
  9 wyverns
  33 yaks
  A fire bat (Abyss:2)
  3 swamp worm simulacra (Swamp:4)
  4 hogs (D:10)
  A golden eye (shapeshifter) (D:12)
  6 golden eyes (Abyss:2)
  9 basilisks
  3 neqoxecs
  25 vampire mosquitoes
  Edmund (D:6)
  A warg (D:15)
  2 hungry ghosts (D:11)
  2 chaos spawn
  A spatial vortex (Abyss:2)
  17 soldier ants
  3 steam dragons
  2 acid dragons
  21 insubstantial wisps
  9 hydra simulacra (Swamp:4)
  23 swamp worms
  11 water moccasins
  17 porcupines
  3 hell hounds (Lair:6)
  Duvessa (D:5)
  5 ice beasts
  8 swamp drakes
  2 sky beasts
  3 slaves (D:5)
  A hornet zombie (D:12)
  13 ogres
  39 orc warriors
  3 black bears
  A phantom (D:13)
  32 wolves
  7 centaurs
  5 small abominations
  13 crocodiles
  3 big kobolds
  2 gnoll sergeants
  25 bullfrogs
  Dowan (D:5)
  A water moccasin zombie (D:5)
  5 scorpions
  20 killer bees
  8 electric eels
  11 wights
  2 howler monkeys
  11 crimson imps
  5 lava snakes (Lair:6)
  3 centaur zombies
  4 bullfrog zombies
  4 jellies
  2 bullfrog skeletons
  8 hounds
  2 quasits
  22 orc priests
  Crazy Yiuf (D:7)
  An iron imp (Orc:2)
  Terence (D:2)
  7 iguanas
  33 orc wizards
  4 hell rats (Lair:5)
  36 worker ants
  2 hound skeletons (D:8)
  A howler monkey zombie (D:7)
  2 worker ant zombies
  13 gnolls
  18 adders
  A howler monkey skeleton (D:11)
  3 river rats (Lair:5)
  4 shadow imps
  2 white imps
  An ufetubus (Abyss:1)
  9 oozes
  5 swamp drake simulacra (Swamp:4)
  An adder skeleton (D:4)
  2 worms
  2 dart slugs
  13 leopard geckos
  115 orcs
  3 ball pythons
  9 bats
  7 giant cockroaches
  2 goblins (D:2)
  5 hobgoblins
  18 jackals
  19 kobolds
  4 quokkas
  3 frilled lizards
  2 leopard gecko zombies
  A quokka skeleton (D:4)
  11 rats
  A butterfly (D:5)
  A fungus (D:2)
  A lurking horror (Abyss:2)
  2 plants (Lair:2)
1364 creatures vanquished.

Vanquished Creatures (collateral kills)
  2 two-headed ogres
  A titan skeleton (Abyss:1)
  An ancient zyme (Abyss:1)
  A yak (D:10)
  Eustachio (D:6)
  A vampire mosquito (D:15)
  A warg (Orc:2)
  A sky beast (Abyss:1)
  An orc warrior (Orc:2)
  An orc wizard (D:11)
  5 orcs
16 creatures vanquished.

Vanquished Creatures (others)
  A centaur warrior (D:14)
  Sonja (D:14)
  A black mamba (Lair:6)
  2 blink frogs (Lair:6)
  A swamp drake (Swamp:2)
  3 centaurs (D:14)
  A worker ant (Spider:4)
  2 orcs
  3 fungi
  A plant (D:11)
  7 toadstools (D:2)
23 creatures vanquished.

Grand Total: 1403 creatures vanquished

Notes
Turn   | Place    | Note
-------+----------+-------------------------------------------
     0 | D:1      | Mesmaeker13 the Troll Monk began the quest for the Orb.
     0 | D:1      | Reached XP level 1. HP: 22/22 MP: 0/0
   208 | D:1      | Reached XP level 2. HP: 29/29 MP: 1/1
   648 | D:1      | Reached XP level 3. HP: 31/36 MP: 2/2
  1005 | D:2      | Noticed Terence
  1011 | D:2      | Killed Terence
  1011 | D:2      | Reached XP level 4. HP: 44/44 MP: 3/3
  1075 | D:2      | Reached skill level 4 in Unarmed Combat
  1088 | D:2      | Reached XP level 5. HP: 37/53 MP: 4/4
  1709 | D:3      | Reached XP level 6. HP: 52/61 MP: 5/5
  2189 | D:4      | Found a staircase to the Ecumenical Temple.
  2195 | Temple   | Entered the Ecumenical Temple
  2299 | Temple   | Became a worshipper of Xom of Chaos
  2397 | D:4      | Found Jeps's Jewellery Shoppe.
  2584 | D:4      | Reached skill level 5 in Unarmed Combat
  2839 | D:5      | Entered Level 5 of the Dungeon
  2841 | D:5      | XOM: silly message
  2918 | D:5      | Found a runed door.
  2930 | D:5      | Found a runed door.
  2954 | D:5      | Reached XP level 7. HP: 57/70 MP: 6/6
  2955 | D:5      | XOM: smoke on damage
  2991 | D:5      | XOM: harmless Chrm miscast
  3131 | D:5      | XOM: cleaving
  3208 | D:5      | XOM: god gift: 50 gold pieces
  3219 | D:5      | Noticed Pikel
  3225 | D:5      | XOM: confuse monster(s)
  3233 | D:5      | XOM: potion effect (invisibility)
  3278 | D:5      | Noticed Grinder
  3280 | D:5      | Paralysed by Grinder for 3 turns
  3282 | D:5      | Noticed Grinder
  3282 | D:5      | Grinder changed into Grinder the neqoxec
  3282 | D:5      | XOM: polymorph Grinder -> Grinder the neqoxec
  3284 | D:5      | Killed Pikel
  3284 | D:5      | Reached skill level 5 in Dodging
  3284 | D:5      | Reached skill level 6 in Unarmed Combat
  3284 | D:5      | Reached XP level 8. HP: 67/79 MP: 7/7
  3297 | D:5      | Gained mutation: You are occasionally teleported next to monsters. [Grinder]
  3300 | D:5      | Killed Grinder the neqoxec
  3300 | D:5      | Reached skill level 5 in Fighting
  3318 | D:5      | XOM: 1-stop teleportation journey
  3415 | D:5      | Found Busa's Antique Armour Shoppe.
  3423 | D:5      | Bought a runed hat for 217 gold pieces
  3445 | D:5      | XOM: god gift: 8 needles of confusion
  3451 | D:5      | Noticed Dowan
  3451 | D:5      | Noticed Duvessa
  3465 | D:5      | Killed Duvessa
  3476 | D:5      | Killed Dowan
  3790 | D:5      | XOM: divination: detect creatures
  3795 | D:5      | XOM: confusion
  3802 | D:5      | XOM: summons 1 hostile demon
  3807 | D:5      | XOM: mild Tmut miscast
  3818 | D:5      | XOM: swap monsters
  3843 | D:5      | Reached skill level 7 in Unarmed Combat
  3852 | D:5      | Reached skill level 1 in Shields
  3978 | D:6      | XOM: enchant monster (bad)
  3986 | D:6      | XOM: summons friendly crimson imp
  4158 | D:6      | XOM: mild Air miscast
  4289 | D:6      | Noticed Edmund
  4303 | D:6      | Killed Edmund
  4303 | D:6      | Reached XP level 9. HP: 47/89 MP: 8/8
  4398 | D:6      | XOM: summons 1 hostile demon
  4572 | D:6      | Noticed Eustachio
  4629 | D:6      | XOM: 1-stop teleportation journey
  4647 | D:6      | XOM: stat loss: -1 Dex (14/15)
  4662 | D:6      | XOM: noise
  4676 | D:6      | XOM: summons 6 friendly demons
  4679 | D:6      | Killed Eustachio
  4897 | D:7      | XOM: smoke on damage
  5071 | D:7      | Found a runed door.
  5349 | D:7      | Reached skill level 8 in Unarmed Combat
  5463 | D:7      | XOM: enchant monster (good)
  5506 | D:7      | XOM: give mutations
  5506 | D:7      | Gained mutation: You are frail. (-10% HP) [Xom's mischief]
  5506 | D:7      | Gained mutation: Your body sometimes deteriorates upon taking damage. [Xom's mischief]
  5572 | D:7      | XOM: harmless Hex miscast
  5685 | D:7      | XOM: harmless Chrm miscast
  5691 | D:7      | XOM: mild Erth miscast
  5954 | D:7      | Noticed Crazy Yiuf
  5959 | D:7      | Cast into level 1 of the Abyss (Crazy Yiuf)
  6001 | Abyss:1  | Noticed a sixfirhy
  6001 | Abyss:1  | XOM: enchant monster (good)
  6042 | Abyss:1  | XOM: summons 9 friendly demons
  6049 | Abyss:1  | Noticed an ancient zyme
  6058 | Abyss:1  | Killed an ancient zyme
  6058 | Abyss:1  | Reached XP level 10. HP: 80/90 MP: 9/9
  6061 | Abyss:1  | Noticed a smoke demon
  6079 | Abyss:1  | Killed a smoke demon
  6091 | Abyss:1  | Noticed a large abomination
  6162 | Abyss:1  | Noticed a tentacled starspawn
  6181 | Abyss:1  | Noticed a tentacled starspawn
  6203 | Abyss:1  | XOM: confuse monster(s)
  6204 | D:7      | Escaped the Abyss
  6206 | D:7      | Killed Crazy Yiuf
  6220 | D:7      | XOM: harmless Erth miscast
  6383 | D:8      | XOM: harmless Hex miscast
  6554 | D:8      | Reached skill level 9 in Unarmed Combat
  6665 | D:8      | XOM: potion effect (agility)
  6707 | D:8      | XOM: divination: detect items
  6796 | D:8      | XOM: 4-stop teleportation journey
  7520 | D:9      | Reached skill level 5 in Shields
  8008 | D:9      | XOM: medium Summ miscast
  8072 | D:10     | Entered Level 10 of the Dungeon
  8087 | D:10     | XOM: god gift: scroll labeled JOWUEWK YM OSCH {god gift}
  8113 | D:10     | Reached skill level 1 in Evocations
  8197 | D:10     | Noticed a gargoyle
  8206 | D:10     | Killed a gargoyle
  8252 | D:10     | Got distressingly furry fire dragon scales
  8288 | D:10     | Identified the +4 fire dragon scales "Xesuuch" {rElec rF++ rC- rN+ Int+5 Dex-2} (You found it on level 10 of the Dungeon)
  8304 | D:10     | Noticed a gargoyle
  8315 | D:10     | Killed a gargoyle
  8315 | D:10     | Reached XP level 11. HP: 85/99 MP: 9/11
  8326 | D:10     | XOM: fog
  8339 | D:10     | XOM: summons friendly iron imp
  8437 | D:10     | Reached skill level 1 in Armour
  8518 | D:10     | XOM: 1-stop teleportation journey
  8602 | D:10     | XOM: harmless Ice miscast
  8778 | D:10     | Found a stormy altar of Qazlal.
  8815 | D:10     | XOM: potion effect (agility)
  9229 | D:11     | Found a runed door.
  9306 | D:11     | Reached skill level 10 in Unarmed Combat
  9361 | D:11     | XOM: confuse monster(s)
  9364 | D:11     | Found a staircase to the Lair.
  9374 | D:11     | XOM: enchant monster (bad)
  9386 | D:11     | XOM: enchant monster (bad)
  9403 | D:11     | Noticed a two-headed ogre
  9404 | D:11     | XOM: cast spell 'Summon Butterflies'
  9407 | D:11     | XOM: cast spell 'Summon Mana Viper'
  9408 | D:11     | Killed a two-headed ogre
  9414 | D:11     | XOM: cast spell 'Metabolic Englaciation'
  9416 | D:11     | XOM: enchant monster (good)
  9515 | D:11     | Found a runed door.
  9596 | D:11     | XOM: give mutations
  9596 | D:11     | Gained mutation: You have large cloven feet. [Xom's grace]
  9596 | D:11     | Gained mutation: Your flesh is heat resistant. (rF+) [Xom's grace]
  9596 | D:11     | Gained mutation: Your mind is acute. (Int +2) [Xom's grace]
  9596 | D:11     | Gained mutation: You are resistant to hostile enchantments. (MR+) [Xom's grace]
  9633 | D:11     | XOM: 1-stop teleportation journey
  9706 | D:11     | XOM: polymorph acid dragon -> crocodile
  9730 | D:11     | XOM: cast spell 'Leda's Liquefaction'
  9785 | D:11     | Noticed a two-headed ogre
  9794 | D:11     | Killed a two-headed ogre
  9798 | D:11     | Reached XP level 12. HP: 109/109 MP: 13/13
  9804 | D:11     | XOM: enchant monster (good)
  9942 | D:11     | XOM: give mutations
  9942 | D:11     | Gained mutation: You are partially covered in rugged brown scales. (AC +1, +3% HP) [Xom's grace]
  9942 | D:11     | Gained mutation: Your mind is very acute. (Int +4) [Xom's grace]
  9982 | D:11     | Noticed a fire dragon
  9982 | D:11     | Noticed an alligator
  9982 | D:11     | a fire dragon changed into an alligator
  9982 | D:11     | XOM: polymorph fire dragon -> alligator
  9992 | D:11     | Killed an alligator
 10078 | D:11     | Found a staircase to the Orcish Mines.
 10269 | D:11     | XOM: divination: magic mapping
 10650 | Lair:1   | Entered Level 1 of the Lair of Beasts
 10693 | Lair:1   | XOM: divination: detect creatures
 10699 | Lair:1   | XOM: harmless Ice miscast
 10882 | Lair:1   | XOM: 2-stop teleportation journey
 10906 | Lair:1   | XOM: repel stairs
 11129 | Lair:1   | XOM: severe Necr miscast
 11130 | Lair:1   | Noticed a reaper
 11158 | Lair:1   | XOM: 2-stop teleportation journey
 11387 | Lair:1   | XOM: mild Chrm miscast
 11442 | Lair:1   | XOM: mild Erth miscast
 11517 | Lair:1   | Noticed Harold
 11521 | Lair:1   | XOM: confuse monster(s)
 11537 | Lair:1   | Killed Harold
 11633 | Lair:1   | XOM: summons friendly ufetubus
 11637 | Lair:1   | Reached skill level 11 in Unarmed Combat
 11817 | Lair:2   | Reached skill level 5 in Armour
 11912 | Lair:2   | XOM: god gift: scroll labeled SEGOYG INI TAO {god gift}
 11996 | Lair:2   | XOM: harmless Tmut miscast
 12026 | Lair:2   | XOM: harmless Chrm miscast
 12040 | Lair:1   | XOM: noise
 12041 | Lair:1   | XOM: divination: magic mapping
 12078 | Lair:1   | XOM: mild Chrm miscast
 12098 | Lair:2   | XOM: confuse monster(s)
 12190 | Lair:2   | Got a scintillating iron ring
 12238 | Lair:2   | XOM: divination: detect creatures
 12295 | Lair:2   | Reached skill level 5 in Evocations
 12615 | Lair:3   | XOM: noise
 12678 | Lair:3   | Reached XP level 13. HP: 113/121 MP: 15/15
 12771 | Lair:3   | XOM: enchant monster (bad)
 12786 | Lair:3   | XOM: smoke on damage
 12930 | Lair:3   | XOM: god gift: hand axe {god gift}
 12944 | Lair:3   | XOM: cast spell 'Shadow Creatures'
 12966 | Lair:3   | XOM: cloud trail
 13104 | Lair:3   | XOM: cloud trail
 13161 | Lair:3   | XOM: mild Hex miscast
 13421 | Lair:3   | Noticed a fire dragon
 13421 | Lair:3   | an eight-headed hydra changed into a fire dragon
 13421 | Lair:3   | XOM: polymorph eight-headed hydra -> fire dragon
 13424 | Lair:3   | XOM: cast spell 'Olgreb's Toxic Radiance'
 13428 | Lair:3   | Noticed an ettin
 13428 | Lair:3   | a fire dragon changed into an ettin
 13428 | Lair:3   | XOM: polymorph fire dragon -> ettin
 13433 | Lair:3   | Killed an ettin
 13616 | Lair:4   | Found a staircase to the Swamp.
 13782 | Lair:4   | XOM: mild Conj miscast
 13784 | Lair:4   | Found a hole to the Spider Nest.
 13835 | Lair:4   | XOM: smoke on damage
 13926 | Lair:4   | XOM: draining
 14003 | Lair:4   | Identified the ring "Paetigis" {Fire Dex+2} (You found it on level 2 of the Lair of Beasts)
 14270 | Lair:4   | XOM: medium Erth miscast
 14346 | Lair:5   | XOM: polymorph black mamba -> yaktaur
 14576 | Lair:5   | Found a staircase to the Slime Pits.
 14609 | Lair:5   | XOM: silly message
 14725 | Lair:5   | XOM: potion effect (brilliance)
 14742 | Lair:5   | XOM: harmless Erth miscast
 14786 | Lair:5   | XOM: harmless Conj miscast
 14855 | Lair:5   | XOM: enchant monster (good)
 15029 | Lair:5   | XOM: scenery: create altars
 15035 | Lair:5   | XOM: 3-stop teleportation journey
 15134 | Lair:5   | XOM: scenery: create altars
 15326 | Lair:6   | Entered Level 6 of the Lair of Beasts
 15371 | Lair:6   | XOM: confuse monster(s)
 15373 | Lair:6   | XOM: god gift: 18 stones
 15376 | Lair:6   | XOM: enchant monster (bad)
 15517 | Lair:6   | Reached skill level 10 in Fighting
 15670 | Lair:6   | Reached skill level 12 in Unarmed Combat
 15705 | Lair:6   | XOM: harmless Erth miscast
 15788 | Lair:6   | XOM: medium Tmut miscast
 15792 | Lair:6   | Lost mutation: Your mind is very acute. (Int +4) [mutagenic glow]
 15811 | Lair:6   | XOM: divine lightning
 15815 | Lair:6   | Gained mutation: Armour fits poorly on your strangely shaped body. [mutagenic glow]
 15893 | Lair:6   | XOM: fog
 15896 | Lair:6   | XOM: enchant monster (good)
 16030 | Lair:6   | XOM: god gift: scroll of amnesia
 16063 | Lair:6   | XOM: fog
 16065 | Lair:6   | XOM: polymorph blink frog -> ice beast
 16067 | Lair:6   | XOM: scenery: create altars
 16076 | Lair:6   | Reached XP level 14. HP: 132/132 MP: 17/17
 16084 | Lair:6   | XOM: destruction
 16150 | Lair:6   | XOM: divination: detect creatures
 16238 | Lair:6   | XOM: 1-stop teleportation journey
 16289 | Lair:6   | XOM: stat loss: -1 Int (12/13)
 16333 | Lair:6   | XOM: god gift: scroll of enchant weapon
 16375 | Lair:6   | XOM: god gift: 21 stones
 16391 | Lair:6   | XOM: confuse monster(s)
 16503 | Lair:6   | XOM: confuse monster(s)
 17012 | Lair:6   | XOM: mild Necr miscast
 17015 | Lair:6   | XOM: blink monster(s)
 17015 | Lair:6   | XOM: smoke on damage
 17345 | Lair:6   | XOM: chaos cloud
 17346 | Lair:6   | Paralysed by you for 2 turns
 17353 | Lair:6   | XOM: give mutations
 17353 | Lair:6   | Lost mutation: You are partially covered in rugged brown scales. (AC +1, +3% HP) [Xom's mischief]
 17353 | Lair:6   | Lost mutation: You are frail. (-10% HP) [Xom's mischief]
 17360 | Lair:6   | XOM: summons 2 hostile demons
 17486 | Lair:6   | XOM: give mutations
 17486 | Lair:6   | Gained mutation: You can translocate small distances at will. [Xom's grace]
 17486 | Lair:6   | Gained mutation: Your spells are a little harder to cast, but a little more powerful. [Xom's grace]
 17486 | Lair:6   | Gained mutation: You are agile. (Dex +2) [Xom's grace]
 17486 | Lair:6   | Gained mutation: You are robust. (+10% HP) [Xom's grace]
 17519 | Lair:6   | XOM: divination: magic mapping
 17655 | Lair:6   | Found a large runed door.
 17656 | Lair:6   | Found a large runed door.
 17749 | Lair:6   | XOM: god gift: +6 arbalest "Damnation" {damnation}
 17787 | Lair:6   | XOM: give mutations
 17787 | Lair:6   | Gained mutation: You are covered in thick fur. (AC +2) [Xom's grace]
 17787 | Lair:6   | Gained mutation: Your system is resistant to poisons. (rPois) [Xom's grace]
 17787 | Lair:6   | Gained mutation: You are partially covered in thin metallic scales. (AC +2) [Xom's grace]
 17875 | Lair:6   | XOM: scenery: create altars
 18207 | D:5      | XOM: divination: detect items
 18371 | Orc:1    | Entered Level 1 of the Orcish Mines
 18639 | Orc:2    | Entered Level 2 of the Orcish Mines
 18748 | Orc:2    | XOM: harmless Summ miscast
 18840 | Orc:1    | Found Reanapn's Gadget Emporium.
 18975 | Orc:1    | XOM: medium Air miscast
 18982 | Orc:2    | XOM: noise
 19034 | Orc:2    | XOM: scenery: create altars
 19065 | Orc:2    | Found a roughly hewn altar of Beogh.
 19066 | Orc:2    | Found Woingem's Antique Armour Boutique.
 19149 | Orc:2    | XOM: 6-stop teleportation journey
 19177 | Orc:2    | XOM: harmless Tmut miscast
 19244 | Orc:2    | XOM: cloud trail
 19284 | Orc:2    | Found a roughly hewn altar of Beogh.
 19296 | Orc:2    | Found a staircase to the Elven Halls.
 19439 | Orc:2    | XOM: enchant monster (good)
 19550 | Orc:2    | XOM: enchant monster (good)
 19763 | Orc:2    | Found a roughly hewn altar of Beogh.
 19804 | Orc:2    | Found Tauf's Weapon Shoppe.
 19914 | Orc:2    | Noticed Erolcha
 19924 | Orc:2    | Killed Erolcha
 19926 | Orc:2    | XOM: silly message
 19965 | Orc:2    | Found a roughly hewn altar of Beogh.
 20064 | Orc:2    | XOM: medium Pois miscast
 20087 | Orc:2    | XOM: give mutations
 20087 | Orc:2    | Lost mutation: Your mind is acute. (Int +2) [Xom's mischief]
 20087 | Orc:2    | Lost mutation: Your body sometimes deteriorates upon taking damage. [Xom's mischief]
 20089 | Orc:2    | XOM: harmless Tloc miscast
 20211 | Orc:2    | Noticed an orc warlord
 20233 | Orc:2    | Killed an orc warlord
 20296 | Orc:2    | Found Heazoczu's Antique Armour Shop.
 20297 | Orc:2    | Found a roughly hewn altar of Beogh.
 20298 | Orc:2    | Found Eghud's Antique Weapon Boutique.
 20344 | Orc:2    | Found a roughly hewn altar of Beogh.
 20630 | D:4      | Bought the ring of the Lives {+Fly rPois rC+ rN+++ Int-5} for 536 gold pieces
 20839 | D:12     | XOM is BORED!
 20839 | D:12     | XOM: summons 2 hostile demons
 20863 | D:12     | XOM: fog
 21026 | D:12     | XOM: give mutations
 21026 | D:12     | Gained mutation: You possess an exceptional clarity of mind. [Xom's grace]
 21026 | D:12     | Gained mutation: Your flesh is very heat resistant. (rF++) [Xom's grace]
 21026 | D:12     | Gained mutation: Your muscles are strong. (Str +2) [Xom's grace]
 21026 | D:12     | Gained mutation: You are partially covered in yellow scales. (AC +2) [Xom's grace]
 21306 | D:13     | Reached skill level 13 in Unarmed Combat
 21426 | D:13     | XOM: 1-stop teleportation journey
 21513 | D:13     | XOM: cleaving
 21579 | D:13     | XOM: 1-stop teleportation journey
 21582 | D:13     | XOM: polymorph centaur warrior -> two-headed ogre
 21748 | D:13     | XOM: summons 12 friendly demons
 21866 | D:13     | XOM: confuse monster(s)
 21884 | D:13     | XOM: cast spell 'Alistair's Intoxication'
 21887 | D:13     | XOM: summons friendly shadow imp
 21891 | D:13     | XOM: enchant monster (good)
 21899 | D:13     | XOM: enchant monster (good)
 21901 | D:13     | XOM: enchant monster (good)
 21957 | D:13     | Reached XP level 15. HP: 136/169 MP: 19/19
 21982 | D:13     | Found a gate to the Vaults.
 22090 | D:13     | You fall through a shaft for 2 floors!
 22090 | D:15     | Entered Level 15 of the Dungeon
 22168 | D:15     | Got a crystal hand crossbow
 22184 | D:15     | XOM: cast spell 'Summon Hydra'
 22226 | D:15     | XOM: summons 7 friendly demons
 22280 | D:15     | XOM: divination: detect items
 22453 | D:12     | XOM: god gift: 930 gold pieces
 22499 | Lair:1   | Identified the +9 hand crossbow of Uceplu {penet, rElec rPois rF- Str+5} (You found it on level 15 of the Dungeon)
 22866 | D:4      | Bought the brooch of Shielding {Reflect SH+8} for 1169 gold pieces
 23328 | D:14     | Noticed Louise
 23349 | D:14     | Killed Louise
 23440 | D:14     | Found Pugg's Antique Armour Shoppe.
 23440 | D:14     | XOM: 4-stop teleportation journey
 23464 | D:14     | XOM: god gift: potion of lignification
 23489 | D:14     | Noticed Sonja
 23502 | D:14     | Killed Sonja
 23591 | D:14     | Bought an embroidered cloak for 240 gold pieces
 23652 | D:14     | Got a pair of dazzling gloves
 23653 | D:14     | Identified the +2 pair of gloves of Juimop {rF+ Regen+ Str+3} (You found it on level 14 of the Dungeon)
 24055 | D:15     | Found a staircase to the Depths.
 24077 | D:15     | XOM: divination: magic mapping
 24083 | D:15     | XOM: scenery: create altars
 24144 | D:14     | XOM: harmless Summ miscast
 24468 | D:15     | XOM: mild Pois miscast
 24660 | D:15     | XOM: enchant monster (good)
 25022 | D:15     | XOM: summons 2 friendly demons
 25200 | Lair:4   | XOM: severe Air miscast
 25229 | Spider:1 | Entered Level 1 of the Spider Nest
 25262 | Spider:1 | Noticed Agnes
 25264 | Spider:1 | XOM: enchant monster (bad)
 25271 | Lair:4   | XOM: swap monsters
 25288 | Lair:4   | XOM: fog
 25294 | Lair:4   | Killed Agnes
 25479 | Lair:4   | XOM: severe Summ miscast
 25479 | Lair:4   | Cast into level 2 of the Abyss (the severe capriciousness of Xom)
 25577 | Abyss:2  | XOM: harmless Pois miscast
 25646 | Abyss:2  | XOM: cast spell 'Summon Butterflies'
 25660 | Abyss:2  | XOM: blink monster(s)
 25690 | Abyss:2  | Reached skill level 14 in Unarmed Combat
 25737 | Abyss:2  | XOM: enchant monster (good)
 25836 | Abyss:2  | XOM: cast spell 'Cause Fear'
 25852 | Abyss:2  | XOM: mild Necr miscast
 25895 | Abyss:2  | Noticed a bone dragon
 25900 | Abyss:2  | XOM: noise
 25901 | Abyss:2  | XOM: cast spell 'Shadow Creatures'
 25906 | Abyss:2  | XOM: enchant monster (bad)
 25908 | Abyss:2  | Killed a bone dragon
 25908 | Abyss:2  | XOM: polymorph large abomination -> skeletal warrior
 25945 | Lair:4   | Escaped the Abyss
 25945 | Lair:4   | XOM: blink monster(s)
 26030 | Spider:1 | XOM: 1-stop teleportation journey
 26031 | Spider:1 | XOM: noise
 26037 | Spider:1 | Reached skill level 10 in Armour
 26055 | Spider:1 | Reached XP level 16. HP: 132/181 MP: 21/21
 26096 | Spider:1 | XOM: blink monster(s)
 26176 | Spider:1 | Reached skill level 10 in Shields
 26210 | Spider:1 | Noticed Josephine
 26221 | Spider:1 | Killed Josephine
 26601 | Spider:1 | XOM: polymorph redback -> wind drake
 26607 | Spider:1 | XOM: divination: detect items
 26674 | Spider:2 | XOM: polymorph killer bee -> wolf
 26745 | Spider:2 | XOM: potion effect (heal wounds)
 26765 | Spider:2 | XOM: divination: detect creatures
 26836 | Spider:2 | XOM: divination: detect items
 27103 | Spider:2 | Found a frozen archway.
 27122 | Spider:2 | XOM: god gift: dog-eared papyrus book {god gift}
 27257 | Spider:2 | XOM: god gift: warped broad axe {god gift}
 27260 | Spider:2 | Got a warped broad axe {god gift}
 27262 | Spider:2 | Identified the +7 broad axe of the Boiling Point {chaos, +Inv} (Xom gifted it to you on level 2 of the Spider Nest)
 28377 | Spider:3 | XOM: god gift: 10 gold pieces
 28444 | Spider:3 | XOM: god gift: runed great sword {god gift}
 28481 | Spider:3 | XOM: god gift: 3 scrolls labeled ZAJOPI KA SEFA {god gift}
 28605 | Spider:4 | Entered Level 4 of the Spider Nest
 28611 | Spider:4 | XOM: scenery: create altars
 28746 | Spider:3 | XOM: god gift: runed longbow {god gift}
 28861 | Spider:4 | XOM: 1-stop teleportation journey
 28866 | Spider:4 | XOM: cleaving
 28873 | Spider:4 | Reached skill level 15 in Unarmed Combat
 28873 | Spider:4 | XOM: smoke on damage
 28894 | Spider:4 | XOM: smoke on damage
 28907 | Spider:4 | XOM: summons 5 friendly demons
 28909 | Spider:4 | XOM: mild Chrm miscast
 28916 | Spider:4 | XOM: cast spell 'Summon Mana Viper'
 29014 | Spider:4 | XOM: confuse monster(s)
 29017 | Spider:4 | Reached XP level 17. HP: 187/192 MP: 22/22
 29103 | Spider:4 | XOM: harmless Erth miscast
 29278 | Spider:4 | Lost mutation: You possess an exceptional clarity of mind. [potion of mutation]
 29278 | Spider:4 | Lost mutation: You are agile. (Dex +2) [potion of mutation]
 29278 | Spider:4 | Lost mutation: Armour fits poorly on your strangely shaped body. [potion of mutation]
 29278 | Spider:4 | Gained mutation: Your flesh is almost immune to the effects of heat. (rF+++) [potion of mutation]
 29279 | Spider:4 | Lost mutation: Your muscles are strong. (Str +2) [potion of mutation]
 29279 | Spider:4 | Lost mutation: Your spells are a little harder to cast, but a little more powerful. [potion of mutation]
 29279 | Spider:4 | Lost mutation: You are resistant to hostile enchantments. (MR+) [potion of mutation]
 29279 | Spider:4 | Lost mutation: You have large cloven feet. [potion of mutation]
 29279 | Spider:4 | Lost mutation: Your system is resistant to poisons. (rPois) [potion of mutation]
 29279 | Spider:4 | Lost mutation: Your flesh is almost immune to the effects of heat. (rF+++) [potion of mutation]
 29279 | Spider:4 | Gained mutation: You have a pair of small antennae on your head. [potion of mutation]
 29280 | Spider:4 | Lost mutation: You have a pair of small antennae on your head. [potion of mutation]
 29280 | Spider:4 | Lost mutation: You are robust. (+10% HP) [potion of mutation]
 29280 | Spider:4 | Lost mutation: You can translocate small distances at will. [potion of mutation]
 29280 | Spider:4 | Lost mutation: You are partially covered in yellow scales. (AC +2) [potion of mutation]
 29280 | Spider:4 | Gained mutation: Your mind is acute. (Int +2) [potion of mutation]
 29280 | Spider:4 | Lost mutation: Your flesh is very heat resistant. (rF++) [potion of mutation]
 29280 | Spider:4 | Gained mutation: You are partially covered in large bone plates. (SH +4) [potion of mutation]
 29485 | Spider:4 | Got a gossamer rune of Zot
 29573 | Spider:4 | XOM: divination: detect items
 29713 | Spider:4 | XOM: harmless Erth miscast
 29724 | Spider:4 | XOM: enchant monster (good)
 29748 | Spider:4 | XOM: polymorph tarantella -> queen bee
 29905 | Spider:4 | XOM: give mutations
 29905 | Spider:4 | Gained mutation: Your mind is very acute. (Int +4) [Xom's grace]
 29905 | Spider:4 | Gained mutation: You are mostly covered in large bone plates. (SH +6) [Xom's grace]
 29905 | Spider:4 | Gained mutation: You are resistant to hostile enchantments. (MR+) [Xom's grace]
 29905 | Spider:4 | Gained mutation: You have a pair of small horns on your head. [Xom's grace]
 29907 | Spider:4 | XOM: fog
 30593 | Lair:4   | XOM: give mutations
 30593 | Lair:4   | Lost mutation: Your mind is very acute. (Int +4) [Xom's mischief]
 30593 | Lair:4   | Lost mutation: You are occasionally teleported next to monsters. [Xom's mischief]
 30596 | Swamp:1  | Entered Level 1 of the Swamp
 30642 | Swamp:1  | XOM: noise
 30691 | Swamp:1  | XOM: polymorph seven-headed hydra -> catoblepas
 30920 | Swamp:1  | XOM: blink monster(s)
 30965 | Swamp:1  | XOM: medium Conj miscast
 31115 | Swamp:1  | XOM: god gift: 22 stones
 31121 | Swamp:1  | XOM: fog
 31232 | Swamp:1  | XOM: god gift: 35 gold pieces
 31439 | Swamp:1  | XOM: severe Ice miscast
 31546 | Swamp:2  | XOM: scenery: create altars
 31560 | Swamp:2  | XOM: 7-stop teleportation journey
 31576 | Swamp:2  | XOM: confuse monster(s)
 31600 | Swamp:2  | XOM: divination: detect creatures
 31607 | Swamp:2  | XOM: blink monster(s)
 31613 | Swamp:2  | XOM: confusion
 31673 | Swamp:2  | XOM: 5-stop teleportation journey
 32388 | Swamp:2  | XOM: harmless Ice miscast
 32527 | Swamp:3  | XOM: repel stairs
 32552 | Swamp:3  | XOM: blink monster(s)
 32889 | Swamp:3  | XOM: blink monster(s)
 32962 | Swamp:3  | XOM: noise
 33095 | Swamp:3  | XOM: confuse monster(s)
 33196 | Swamp:3  | XOM: cast spell 'Summon Hydra'
 33197 | Swamp:3  | XOM: potion effect (might)
 33203 | Swamp:2  | XOM: enchant monster (bad)
 33419 | Swamp:3  | XOM: give mutation
 33419 | Swamp:3  | Gained mutation: You are frail. (-10% HP) [Xom's mischief]
 33425 | Swamp:3  | Reached skill level 16 in Unarmed Combat
 33515 | Swamp:4  | Entered Level 4 of the Swamp
 33517 | Swamp:4  | XOM: harmless Summ miscast
 33535 | Swamp:4  | XOM: 3-stop teleportation journey
 33536 | Swamp:4  | XOM: cleaving
 33539 | Swamp:4  | XOM: scenery: create altars
 33622 | Swamp:4  | XOM: polymorph spriggan druid -> faun
 33664 | Swamp:4  | XOM: scenery: create altars
 33677 | Swamp:4  | XOM: 1-stop teleportation journey
 33678 | Swamp:4  | Noticed Nikola
 33685 | Swamp:4  | Killed Nikola
 33685 | Swamp:4  | Reached XP level 18. HP: 138/169 MP: 23/23
 33756 | Swamp:4  | XOM: swap monsters
 33917 | Swamp:4  | XOM: noise
 34351 | Swamp:4  | XOM: harmless Fire miscast
 34429 | Swamp:4  | XOM: confusion (+ monsters)
 34484 | Swamp:4  | HP: 7/169 [eight-headed hydra simulacrum (11)]
 34484 | Swamp:4  | HP: 2/169 [eight-headed hydra simulacrum (5)]
 34484 | Swamp:4  | Mangled by an eight-headed hydra simulacrum

Skill      XL: |  1  2  3  4  5  6  7  8  9 10 11 12 13 14 15 16 17 18 |
---------------+-------------------------------------------------------+-----
Dodging        | 3 4 5 6 7 8 |  8.2
Unarmed Combat | 4 5 6 7 8 9 10 11 12 13 14 15 16 | 16.1
Fighting       | 3 4 5 6 7 8 9 10 11 12 13 | 13.7
Shields        | 1 4 5 6 8 9 10 11 12 | 12.0
Evocations     | 1 3 5 6 7 8 |  8.4
Armour         | 3 5 7 8 10 11 12 | 12.1
Stealth        | |  1.0

Action                   |  1- 3 |  4- 6 |  7- 9 | 10-12 | 13-15 | 16-18 || total
-------------------------+-------+-------+-------+-------+-------+-------++-------
Melee: Unarmed           |    77 |   154 |   438 |   858 |  1660 |  1418 ||  4605
       Punch             |     2 |     4 |     4 |       |       |       ||    10
       Kick              |       |       |       |   139 |   611 |   218 ||   968
       Headbutt          |       |       |       |       |       |   180 ||   180
       Eveningstar       |       |       |       |       |       |    47 ||    47
 Fire: Blowgun           |       |       |     3 |       |       |       ||     3
Throw: Throwing net      |       |       |       |     1 |    11 |       ||    12
       Tomahawk          |       |       |       |     1 |     2 |     7 ||    10
 Abil: Evoke Berserk Rag |       |       |       |     4 |    10 |     7 ||    21
Evoke: Wand              |       |       |     8 |     7 |    22 |     3 ||    40
  Use: Scroll            |       |     8 |     2 |    12 |    18 |    10 ||    50
       Potion            |       |       |     6 |       |     8 |     8 ||    22
 Stab: Sleeping          |     6 |     4 |     2 |     2 |     1 |     1 ||    16
       Invisible         |       |       |     7 |       |       |       ||     7
       Held in net/web   |       |       |       |     1 |     4 |     1 ||     6
       Paralysed         |       |       |       |     1 |       |       ||     1
       Distracted        |       |       |       |     3 |     1 |     1 ||     5
       Confused          |       |       |       |     3 |     2 |     4 ||     9
       Petrified         |       |       |       |       |    10 |       ||    10
       Petrifying        |       |       |       |       |     2 |       ||     2
  Eat: Chunk             |    15 |    18 |    27 |    71 |   119 |    77 ||   327
       Meat ration       |       |       |       |       |     2 |       ||     2
       Bread ration      |       |       |       |       |       |     2 ||     2
       Royal jelly       |       |       |       |       |       |     1 ||     1
Armor: Robe              |    37 |    43 |   110 |    26 |       |       ||   216
       Fire dragon scale |       |       |       |   187 |   450 |   513 ||  1150
Dodge: Dodged            |    51 |    92 |   159 |   318 |   649 |   414 ||  1683
Block: Shield            |       |       |   158 |   418 |   627 |       ||  1203
       Reflection        |       |       |     2 |     4 |    27 |     2 ||    35
       Large shield      |       |       |       |       |   461 |  1898 ||  2359
